 Dungeon Crawl Stone Soup version 0.27-a0-695-gb4952372f7 (webtiles) character file.

Game seed: 14080969570021928318

4 dolemite99 the Shield-Bearer (level 1, -4/16 HPs)
             Began as an Octopode Fighter on Mar 22, 2021.
             Slain by a kobold
             ... wielding a +0 dagger
              (6 damage)
             ... on level 1 of the Dungeon.
             The game lasted 00:00:14 (41 turns).

dolemite99 the Shield-Bearer (Octopode Fighter)       Turns: 41, Time: 00:00:15

Health: -4/16      AC:  1    Str: 15    XL:     1   Next: 70%
Magic:  1/1        EV: 11    Int: 10    God:
Gold:   0          SH:  8    Dex: 11    Spells: 0/0 levels left

rFire    . . .     SeeInvis .     - Unarmed
rCold    . . .     Faith    .   a - +0 kite shield
rNeg     . . .     Spirit   .   (helmet restricted)
rPois    .         Reflect  .   (no amulet)
rElec    .         Harm     .   (no ring)
rCorr    .         Rampage  .   (no ring)
Will     .....                  (no ring)
Stlth    ++........             (no ring)
HPRegen  0.05/turn              (no ring)
MPRegen  0.07/turn              (no ring)
                                (no ring)
                                (no ring)

@: no status effects
A: almost no armour, amphibious, 8 rings, camouflage 1, gelatinous body 1,
nimble swimmer 1, tentacles
a: no special abilities


You were on level 1 of the Dungeon.
You visited 1 branch of the dungeon, and saw 1 of its levels.

Inventory:

Missiles
 c - 14 arrows
 d - 23 stones (quivered)
Armour
 a - a +0 kite shield (worn)
Potions
 b - a potion of might


   Skills:
 - Level 3.0 Fighting
 - Level 3.0 Dodging
 + Level 3.1 Shields
 + Level 2.2 Unarmed Combat


You couldn't memorise any spells.
You didn't know any spells.
Your spell library was empty.

Dungeon Overview and Level Annotations

Branches:
Dungeon (1/15)

Altars:


Innate Abilities, Weirdness & Mutations

You cannot wear most types of armour.
You are amphibious.
You can wear up to eight rings at the same time.
Your skin changes colour to match your surroundings (Stealth+).
Your rubbery body absorbs attacks. (AC +1, EV +1)
You are stealthy while swimming. (Stealth+)
You have tentacles for arms and can constrict up to eight enemies at once.


Message History

You tentacle-slap the giant cockroach but do no damage.
You grab the giant cockroach. You constrict the giant cockroach.
The giant cockroach barely misses you. The giant cockroach closely misses you.
You completely miss the giant cockroach.
You squeeze the giant cockroach.
You kill the giant cockroach! 2 jackals come into view.
You see here a giant cockroach corpse.
You see here 14 arrows.
c - 14 arrows You see here 23 stones.
d - 23 stones A frilled lizard, a quokka and a kobold come into view.
The frilled lizard hisses angrily.
The quokka moves out of view.
Found 2 fuming silvery potions.
Found a scroll labelled TICVYQ ZASM.
You closely miss the frilled lizard. Your grab misses the frilled lizard.
You block the frilled lizard's attack.
You tentacle-slap the frilled lizard.
You kill the frilled lizard!
You tentacle-slap the quokka. You grab the quokka.
The quokka is moderately wounded.
You constrict the quokka. You block the quokka's attack. The quokka bites you.
You barely miss the quokka.
The quokka is heavily wounded.
You constrict the quokka, but do no damage.
The quokka bites you.
You are too injured to fight recklessly!
You are too injured to fight recklessly!
You are too injured to fight recklessly!
You tentacle-slap the quokka but do no damage.
The quokka is heavily wounded.
You constrict the quokka.
The quokka twitches its whiskers.
The quokka bites you but does no damage.
The kobold hits you with a +0 dagger. The quokka bites you.
* * * LOW HITPOINT WARNING * * *
The kobold hits you with a +0 dagger.
You die...

..............#######
.##........##.##⌠...⌠
#........##.##.....
##...#......##.>.<.
#.)..####..###.....
#..#..# #.####⌠...⌠
#...##..# ##..#.#####
##..##..# ###.## #..
#@.## ###
#.....rK....#
#.#.........#
..........!...#
..............#
...!.........##
.?..........##
............#


You could see a quokka and a kobold.

Vanquished Creatures
  A dart slug (D:1)
  A giant cockroach (D:1)
  A frilled lizard (D:1)
3 creatures vanquished.

Notes
Turn   | Place    | Note
-------+----------+-------------------------------------------
     0 | D:1      | dolemite99 the Octopode Fighter began the quest for the
                  | Orb.
     0 | D:1      | Reached XP level 1. HP: 16/16 MP: 1/1
    41 | D:1      | Slain by a kobold

Illustrated notes

Levels and vault maps discovered:
D:1:      amcnicky_arrival_gap_in_the_tavern_cellar, layout_rooms, serial_shops,
          shop, patterned_corridor

Action                   || total
-------------------------++-------
Melee: Unarmed           ||     8
       Constrict         ||     2
       Tentacles         ||     2
 Stab: Sleeping          ||     2
Armor: Skin              ||     1
Dodge: Dodged            ||     2
Block: Kite shield       ||     2

Table legend: (Time is in decaauts)
 A = Elapsed time spent in this place.
 B = Non-inter-level travel time spent in this place.
 C = Inter-level travel time spent in this place.
 D = Time resting spent in this place.
 E = Time spent auto-exploring this place.
 F = Levels seen in this place.
 G = Mean time per level.
                   A        B        C        D        E       F      G
               +--------+--------+--------+--------+--------+-----+--------+
         Total |     42 |     42 |      0 |      0 |     11 |   1 |   42.0 |
       Dungeon |     42 |     42 |      0 |      0 |     11 |   1 |   42.0 |
               +--------+--------+--------+--------+--------+-----+--------+

Top non-repeatable levels by time:
     D:1: 42 daAuts
